 Dungeon Crawl Stone Soup version 0.28-a0-1624-g820543e53a (webtiles) character file.

Game seed: 4975408952296197450

113 soggyman666 the Magician (level 5, -1/35 HPs)
             Began as a Djinni Fire Elementalist on Jan 23, 2022.
             Slain by Grinder (6 damage)
             ... while paralysed by Grinder
             ... on level 3 of the Dungeon.
             The game lasted 00:07:15 (3767 turns).

soggyman666 the Magician (Djinni Fire Elementalist) Turns: 3767, Time: 00:07:16

Health: -1/35      AC:  2    Str:  7    XL:     5   Next: 17%
Gold:   75         EV:  2    Int: 18    God:
                   SH:  0    Dex: 14

rFire   + + .      SeeInvis .   (no weapon)
rCold   x . .      Faith    .   (no shield)
rNeg    . . .      Spirit   .   a - +0 robe
rPois   ∞          Reflect  .   (no helmet)
rElec   .          Harm     .   (no cloak)
rCorr   .          Rampage  .   (no gloves)
Will    .....                   (boots unavailable)
Stlth   ++........              (no amulet)
HPRegen 0.11/turn               (no ring)
MPRegen 0.00/turn               (no ring)

@: paralysed, flying
A: sickness immunity, fire resistance 2, cold vulnerability 1, float, innate
caster, hp casting, extra vitality 1
a: no special abilities


You were on level 3 of the Dungeon.
You visited 1 branch of the dungeon, and saw 3 of its levels.

You collected 75 gold pieces.

Inventory:

Missiles
 b - 78 stones
Armour
 a - a +0 robe (worn)
 e - a +2 ring mail of cold resistance
Scrolls
 g - a scroll of teleportation {unknown}
 h - a scroll of identify {unknown}
Potions
 c - 3 potions of heal wounds {unknown}
 d - a potion of lignification {unknown}
 f - a potion of mutation {unknown}


   Skills:
 - Level 0.2 Armour
 * Level 2.6 Dodging
 + Level 2.0 Stealth
 * Level 3.9 Spellcasting


You couldn't memorise any spells.
You knew the following spells:

 Your Spells              Type           Power      Damage    Failure   Level
a - Foxfire               Conj/Fire      68%        2x1d7     3%          1
b - Scorch                Fire           34%        2d7       4%          2
c - Conjure Flame         Conj/Fire      17%        6-21      9%          3
d - Inner Flame           Hex/Fire       17%        N/A       9%          3
e - Flame Wave            Conj/Fire      17%        2d6       28%         4
f - Sandblast             Erth           34%        2d9       3%          1
g - Call Imp              Summ           17%        N/A       4%          2
Your spell library was empty.

Dungeon Overview and Level Annotations

Branches:
Dungeon (3/15)

Altars:

Annotations:
D:3 Grinder


Innate Abilities, Weirdness & Mutations

You are immune to sickness and miasma.
You are immune to poison.
Your flesh is very heat resistant. (rF++)
You are vulnerable to cold. (rC-)
You float through the air rather than walking.
You learn spells naturally, not from books.
Your magical power is your life essence.
You have superior vitality. (+4 MHP)


Message History

Nothing appears to happen.
The hobgoblin shouts!
You conjure some foxfire!
Casting: Foxfire (safe; 3% risk of failure)
Confirm with . or Enter, or press ? or * to list all spells.
Flames lash the hobgoblin.
The hobgoblin is almost dead.
The hobgoblin's fire resistance burns away.
The foxfire hits the hobgoblin!
The hobgoblin is burned terribly!
You kill the hobgoblin!
Grinder comes into view.
You conjure some foxfire!
You conjure some foxfire!
Your foxfire dissipates!
The foxfire hits Grinder.
Grinder is lightly wounded.
You conjure some foxfire!
Your magical contamination has completely faded away.
Your foxfire dissipates!
The foxfire hits Grinder but does no damage.
Grinder is lightly wounded.
The foxfire hits Grinder.
Grinder is lightly wounded.
Casting: Foxfire (safe; 3% risk of failure)
Confirm with . or Enter, or press ? or * to list all spells.
You conjure some foxfire!
The foxfire hits Grinder.
Grinder is lightly wounded.
Grinder gestures at you.
You suddenly lose the ability to move!
The foxfire hits Grinder.
Grinder is moderately wounded.
The foxfire hits Grinder.
Grinder is moderately wounded.
Grinder blinks!
Grinder hits you!
You writhe in agony.
Grinder says, "FISH!"
Grinder hits you!
* * * LOW HITPOINT WARNING * * *
You writhe in agony.
You die...

... ≈≈≈ ...
#.# #.#
..#####.#
........##
#..@5#
#..##.......
..?[ ######.
..#. # #


You could see Grinder.

Vanquished Creatures
  A water moccasin skeleton (D:2)
  A white imp (D:3)
  A worm (D:2)
  2 dart slugs
  2 ball pythons (D:1)
  4 bats
  8 endoplasms
  2 giant cockroaches
  3 goblins
  3 hobgoblins
  7 jackals (D:1)
  2 kobolds
  2 quokkas (D:2)
  2 frilled lizards
  4 rats
44 creatures vanquished.

Vanquished Creatures (collateral kills)
  A giant cockroach (D:2)
  A bat (D:2)
2 creatures vanquished.

Vanquished Creatures (others)
  197 foxfires
197 creatures vanquished.

Grand Total: 243 creatures vanquished

Notes
Turn   | Place    | Note
-------+----------+-------------------------------------------
     0 | D:1      | soggyman666 the Djinni Fire Elementalist began the quest
                  | for the Orb.
     0 | D:1      | Reached XP level 1. HP: 15/15 MP: 0/0
   153 | D:1      | Reached XP level 2. HP: 12/21 MP: 0/0
   758 | D:1      | Reached skill level 3 in Spellcasting
   760 | D:1      | Reached XP level 3. HP: 17/25 MP: 0/0
   760 | D:1      | Learned a level 1 spell: Sandblast
  2862 | D:2      | Reached XP level 4. HP: 28/31 MP: 0/0
  3196 | D:2      | Reached XP level 5. HP: 28/35 MP: 0/0
  3196 | D:2      | Learned a level 2 spell: Call Imp
  3759 | D:3      | Noticed Grinder
  3764 | D:3      | Paralysed by Grinder for 4 turns
  3767 | D:3      | Slain by Grinder

Illustrated notes

Levels and vault maps discovered:
D:1:      ebering_hopf_link, layout_basic, hangedman_abyss_or_decor_stabs
D:2:      layout_loops_corners
D:3:      layout_rooms, dancing_weapons_uskayaw, mainiacjoe_overflow_boulevard,
          serial_shops, shop, uniq_grinder

Skill      XL: |  1  2  3  4 |
---------------+-------------+-----
Spellcasting   | 3 |  3.9
Stealth        | 2 |  2.0
Armour         | |  0.2
Dodging        | |  2.6

Action                   |  1- 3 |  4- 6 || total
-------------------------+-------+-------++-------
 Cast: Foxfire           |    93 |    28 ||   121
       Scorch            |     8 |     6 ||    14
       Sandblast         |     4 |       ||     4
       Call Imp          |       |     4 ||     4
  Use: Scroll            |     2 |       ||     2
Armor: Robe              |     1 |     2 ||     3
Dodge: Dodged            |     6 |     2 ||     8

Table legend: (Time is in decaauts)
 A = Elapsed time spent in this place.
 B = Non-inter-level travel time spent in this place.
 C = Inter-level travel time spent in this place.
 D = Time resting spent in this place.
 E = Time spent auto-exploring this place.
 F = Levels seen in this place.
 G = Mean time per level.
                   A        B        C        D        E       F      G
               +--------+--------+--------+--------+--------+-----+--------+
         Total |   3767 |   3616 |    151 |    301 |   2975 |   3 | 1255.7 |
       Dungeon |   3767 |   3616 |    151 |    301 |   2975 |   3 | 1255.7 |
               +--------+--------+--------+--------+--------+-----+--------+

Top non-repeatable levels by time:
     D:1: 2222 daAuts
     D:2: 1529 daAuts
     D:3: 15 daAuts
